cohdb
Replays
Latest Replays
All Replays
Popular Replays
Top Player Replays
Match Explorer
How It Works
Community
CoH3 Stats
Reddit
Sign in to upload your games and track your stats! →
Sign in with Steam
Match 41381894
Unlisted
Match 41381894
Overview
Messages
Build Orders
End
Construct Weapon Support Center
Selects Armored Battlegroup
Selects Veteran Crews
Engineer Squad
M1919 Machine Gun Team
Bazooka Squad
Bazooka Squad
M1919 Machine Gun Team
.30 cal Machine Gun
Mechanized Support Center
Improved M9 Bazooka Rockets
.30 cal Machine Gun
M3 Armored Personnel Carrier
Designate Forward Repair Station
Selects Strength in Steel
Selects M31 Recovery Vehicle
.30 cal Machine Gun
可爱又迷人的反派角色!
机会来了,小渡!必~胜!登~龙~剑~!
Random_Target
提督
為了帝皇
Kalof
Templar Killer
CPU - VERY EASY
0
0
Comments
sign in to comment!
No comments posted yet!